 Dungeon Crawl Stone Soup version 0.31-a0-246-g8cbcc1cb85 (webtiles) character file.

Game seed: 4917159615883817831

492 qw the Shooter (level 7, -1/44 HPs)
             Began as a Gargoyle Hexslinger on July 12, 2023.
             Slain by Pikel
             ... wielding a +2 whip of freezing
              (3 damage)
             ... on level 4 of the Dungeon.
             The game lasted 00:01:27 (2739 turns).

qw the Shooter (Gargoyle Hexslinger)                Turns: 2739, Time: 00:01:27

Health: -1/44      AC: 10    Str: 11    XL:     7   Next: 14%
Magic:  8/8        EV: 11    Int:  9    God:
Gold:   136        SH:  0    Dex: 16    Spells: 7/8 levels left

rFire   + . .        Y - +2 sling
rCold   x . .        (no shield)
rNeg    + + +        d - +0 leather armour
rPois   inf          c - +0 helmet
rElec   +            (no cloak)
rCorr   .            l - +0 pair of gloves
SInv    +            k - +0 pair of boots
Will    .....        (no amulet)
Stlth   +            e - ring of see invisible
HPRegen 0.27/turn    b - ring of Arineg {Fire rN++ Int-5 Dex+2}
MPRegen 0.11/turn

%: no passive effects
@: no status effects
A: sickness immunity, AC +4, negative energy resistance 1, electricity
resistance, torment resistance 1, petrification resistance
a: no special abilities


You were on level 4 of the Dungeon.
You visited 1 branch of the dungeon, and saw 4 of its levels.

You collected 136 gold pieces.


Innate Abilities, Weirdness & Mutations

You are immune to sickness and miasma.
Your stone body is resilient. (AC +4)
You are immune to poison.
You resist negative energy. (rN+)
You are resistant to electric shocks. (rElec)
You are resistant to unholy torment.
You are immune to petrification.


   Skills:
 - Level 4.8 Fighting
 - Level 6.0 Ranged Weapons
 + Level 0.6 Armour
 - Level 1.5 Dodging
 - Level 1.0 Spellcasting
 - Level 2.6 Hexes


You had 7 spell levels left.
You knew the following spells:

 Your Spells              Type           Power      Damage    Failure   Level
a - Slow                  Hex            20%        N/A       16%         1

Your spell library contained the following spells:

 Spells                   Type           Power      Damage    Failure   Level
 Inner Flame              Hex/Fire       4%         N/A       63%         3
 Portal Projectile        Hex/Tloc       4%         N/A       63%         3
 Cause Fear               Hex            2%         N/A       85%         4

Inventory:

Hand Weapons
 Y - a +2 sling (weapon)
Armour
 c - a +0 helmet (worn)
 d - a +0 leather armour (worn)
 k - a +0 pair of boots (worn)
 l - a +0 pair of gloves (worn)
Jewellery
 a - a ring of ice
 b - the ring of Arineg (right hand) {Fire rN++ Int-5 Dex+2}
   (You found it on level 2 of the Dungeon)

   [ring of fire]

   It enhances your fire magic.
   Int:       It affects your intelligence (-5).
   Dex:       It affects your dexterity (+2).
   rF:        It protects you from fire.
   rC:        It makes you vulnerable to cold.
   rN:        It greatly protects you from negative energy.
 e - a ring of see invisible (left hand)
Potions
 f - a potion of haste
 g - a potion of lignification {unknown}
 h - 3 potions of heal wounds
 i - a potion of curing {unknown}
 m - a potion of invisibility {unknown}
 o - a potion of enlightenment {unknown}

Dungeon Overview and Level Annotations

Branches:
Dungeon (4/15)
 Temple: D:4-7

Altars:

Annotations:
D:4 Pikel


Message History

You shoot a sling bullet. The sling bullet hits the lemure.
The lemure is lightly wounded.
You shoot a sling bullet.
The sling bullet hits the lemure but does no damage.
A lemure comes into view.
You shoot a sling bullet.
The sling bullet barely misses the lemure.
The lemure shouts!
You shoot a sling bullet. The sling bullet hits the lemure.
The lemure is moderately wounded.
Pikel cracks his whip.
Pikel drinks a potion.
Pikel seems to speed up.
A lemure comes into view.
You shoot a sling bullet. The sling bullet hits the lemure.
The lemure is moderately wounded.
You shoot a sling bullet.
The sling bullet hits the lemure but does no damage.
The lemure is moderately wounded.
The lemure barely misses you.
Pikel says, "You'll feel the lick of my whip!"
You shoot a sling bullet.
The sling bullet hits Pikel but does no damage.
You shoot a sling bullet.
The sling bullet closely misses the lemure.
Pikel hits you with a +2 whip of freezing.
Pikel freezes you. Pikel closely misses you. The lemure barely misses you.
You shoot a sling bullet. The sling bullet hits the lemure!
The lemure is heavily wounded.
Pikel hits you with a +2 whip of freezing.
Pikel freezes you. The lemure hits you but does no damage.
Pikel hits you with a +2 whip of freezing.
Pikel freezes you.
You shoot a sling bullet. The sling bullet hits the lemure.
The lemure is severely wounded.
Pikel hits you with a +2 whip of freezing!
Pikel freezes you. The lemure barely misses you. The lemure misses you.
The lemure hits you!
Pikel hits you with a +2 whip of freezing.
Pikel freezes you.
You die...

>$. ..# ..#
#####..####
..........#
.......5..+
......5K5.#
......5@..#
####.....##
#.###.######
.. #.#<...#
## #.####.#
#.# #.#
#.####.#
#.##...#
#.####.#


You could see Pikel (fast) and 4 lemures.

Vanquished Creatures
  Grinder (D:3)
  Sigmund (D:3)
  Robin (D:3)
  4 adders
  An ufetubus (D:4)
  A worm (D:3)
  2 dart slugs
  2 orcs
  7 ball pythons
  5 endoplasms
  A giant cockroach (D:1)
  15 goblins
  8 hobgoblins
  8 jackals
  2 quokkas
  6 bats
  8 kobolds
  8 rats
81 creatures vanquished.

Notes
Turn   | Place    | Note
-------+----------+-------------------------------------------
     0 | D:1      | qw the Gargoyle Hexslinger began the quest for the Orb.
     0 | D:1      | Reached XP level 1. HP: 12/12 MP: 2/2
     0 | D:1      | 0 ||| qw: Version: 0.3-a-52-g30416fa
     0 | D:1      | 0 ||| qw: Game counter: 6392
     0 | D:1      | 0 ||| qw: Melee chars always use a shield: true
     0 | D:1      | 0 ||| qw: God list: Okawaru
     0 | D:1      | 0 ||| qw: Allow faded altars: false
     0 | D:1      | 0 ||| qw: Do Orc after clearing Dungeon:15 true
     0 | D:1      | 0 ||| qw: Do second Lair branch before Depths: true
     0 | D:1      | 0 ||| qw: Lair rune preference: random
     0 | D:1      | 0 ||| qw: Goals: Normal
     0 | D:1      | 0 ||| PLANNING D:1-11
   205 | D:1      | HP: 3/12 [jackal (2)]
   207 | D:1      | Reached XP level 2. HP: 4/16 MP: 3/3
   208 | D:1      | HP: 1/16 [jackal (3)]
   399 | D:1      | Reached skill level 3 in Ranged Weapons
   672 | D:1      | Reached XP level 3. HP: 21/21 MP: 4/4
   976 | D:1      | 976 ||| UPGRADING to ring of see invisible.
   977 | D:1      | 977 ||| READING scroll labelled WOCVIPPACU.
   981 | D:1      | 981 ||| READING 2 scrolls labelled YZXICUYZXE.
   982 | D:1      | 982 ||| DROPPING scroll of poison.
   983 | D:1      | 983 ||| DROPPING scroll of fear.
  1011 | D:2      | 1011 ||| STAIRDANCE
  1033 | D:2      | Identified the ring of Arineg {Fire rN++ Int-5 Dex+2}
  1282 | D:2      | Reached XP level 4. HP: 26/26 MP: 5/5
  1336 | D:2      | Reached skill level 4 in Ranged Weapons
  1458 | D:2      | You fall into a shaft and drop 2 floors!
  1524 | D:4      | 1524 ||| UPGRADING to +0 leather armour.
  1534 | D:4      | 1534 ||| DROPPING +0 robe.
  1535 | D:4      | 1535 ||| UPGRADING to +0 pair of boots.
  1540 | D:4      | 1540 ||| UPGRADING to ring of Arineg {Fire rN++ Int-5
                  | Dex+2}.
  1541 | D:4      | 1541 ||| READING scroll labelled JOJOL FAFAO.
  1563 | D:3      | Noticed Sigmund
  1571 | D:3      | Killed Sigmund
  1572 | D:3      | Reached skill level 6 in Ranged Weapons
  1572 | D:3      | Reached XP level 5. HP: 29/30 MP: 6/6
  1572 | D:3      | Reached XP level 6. HP: 34/35 MP: 7/7
  1809 | D:3      | Noticed Robin
  1826 | D:3      | HP: 7/35 [Robin/+0 spear (3)]
  1827 | D:3      | 1827 ||| READING scroll of teleportation.
  1828 | D:3      | HP: 3/35 [goblin/+0 club[Robin] (5)]
  1830 | D:3      | 1830 ||| FLEEEEING.
  1831 | D:3      | 1831 ||| FLEEEEING.
  1834 | D:3      | 1834 ||| FLEEEEING.
  1835 | D:3      | 1835 ||| FLEEEEING.
  1836 | D:3      | 1836 ||| FLEEEEING.
  1837 | D:3      | 1837 ||| FLEEEEING.
  1839 | D:3      | 1839 ||| FLEEEEING.
  1840 | D:3      | 1840 ||| FLEEEEING.
  1841 | D:3      | 1841 ||| FLEEEEING.
  1842 | D:3      | 1842 ||| FLEEEEING.
  1843 | D:3      | 1843 ||| FLEEEEING.
  1844 | D:3      | 1844 ||| FLEEEEING.
  1845 | D:3      | 1845 ||| FLEEEEING.
  1846 | D:3      | 1846 ||| FLEEEEING.
  1847 | D:3      | 1847 ||| FLEEEEING.
  1849 | D:3      | 1849 ||| FLEEEEING.
  1850 | D:3      | 1850 ||| FLEEEEING.
  1852 | D:3      | 1852 ||| FLEEEEING.
  1856 | D:3      | 1856 ||| FLEEEEING.
  1857 | D:3      | 1857 ||| FLEEEEING.
  1858 | D:3      | 1858 ||| FLEEEEING.
  1859 | D:3      | 1859 ||| FLEEEEING.
  1860 | D:3      | 1860 ||| FLEEEEING.
  1861 | D:3      | 1861 ||| FLEEEEING.
  1862 | D:3      | 1862 ||| FLEEEEING.
  1863 | D:3      | 1863 ||| FLEEEEING.
  1864 | D:3      | 1864 ||| FLEEEEING.
  1865 | D:3      | 1865 ||| FLEEEEING.
  1866 | D:3      | 1866 ||| FLEEEEING.
  1867 | D:3      | 1867 ||| FLEEEEING.
  1868 | D:3      | 1868 ||| FLEEEEING.
  1869 | D:3      | 1869 ||| FLEEEEING.
  1870 | D:3      | 1870 ||| FLEEEEING.
  1871 | D:3      | 1871 ||| FLEEEEING.
  1872 | D:3      | 1872 ||| FLEEEEING.
  1873 | D:3      | 1873 ||| FLEEEEING.
  1874 | D:3      | 1874 ||| FLEEEEING.
  1875 | D:3      | 1875 ||| FLEEEEING.
  1876 | D:3      | 1876 ||| FLEEEEING.
  1878 | D:3      | 1878 ||| FLEEEEING.
  1879 | D:3      | 1879 ||| FLEEEEING.
  1898 | D:3      | 1898 ||| FLEEEEING.
  2002 | D:3      | 2002 ||| FLEEEEING.
  2028 | D:3      | Killed Robin
  2188 | D:3      | Noticed Grinder
  2213 | D:3      | Paralysed by Grinder for 5 turns
  2220 | D:3      | Paralysed by Grinder for 3 turns
  2225 | D:3      | Killed Grinder
  2226 | D:3      | Reached XP level 7. HP: 27/44 MP: 8/8
  2662 | D:3      | 2662 ||| UPGRADING to +0 helmet.
  2667 | D:3      | 2667 ||| UPGRADING to +0 pair of gloves.
  2672 | D:3      | 2672 ||| READING scroll labelled MULIRESYCIE.
  2673 | D:3      | 2673 ||| DRINKING 4 inky potions.
  2674 | D:3      | 2674 ||| DRINKING 4 murky puce potions.
  2675 | D:3      | 2675 ||| DROPPING 3 potions of brilliance.
  2729 | D:4      | Noticed Pikel
  2739 | D:4      | HP: 5/44 [lemure[Pikel] (7)]
  2739 | D:4      | HP: 2/44 [Pikel/+2 whip of freezing (3)]
  2739 | D:4      | Slain by Pikel

Levels and vault maps discovered:
D:1:      saegor_arrival_fortress, layout_basic
D:2:      layout_rooms
D:3:      minmay_wonky_spiral, layout_basic, uniq_grinder, uniq_robin,
          uniq_sigmund
D:4:      layout_basic, gammafunk_ghost_gnarly_gnolls, uniq_pikel

Skill      XL: |  1  2  3  4  5  6 |
---------------+-------------------+-----
Ranged Weapons | 3 6 |  6.0
Fighting       | 2 4 |  4.8
Armour         | |  0.6
Dodging        | |  1.5
Spellcasting   | |  1.0
Hexes          | |  2.6

Action                     |  1- 3 |  4- 6 |  7- 9 || total
---------------------------+-------+-------+-------++-------
   Fire: Sling             |   116 |   166 |    36 ||   318
    Use: Scroll            |     2 |     2 |     1 ||     5
         Potion            |       |       |     2 ||     2
 Armour: Robe              |    31 |    48 |       ||    79
         Leather armour    |       |    53 |     6 ||    59
  Dodge: Dodged            |    72 |   171 |     8 ||   251

Table legend:
 A = Non-vault XP
 B = Vault XP
 C = Vault XP percentage of total XP
 D = Non-vault monster count
 E = Vault monster count
 F = Vault count percentage of total count
                 A         B        C        D         E       F
            +---------+---------+-------+---------+---------+-------
      Total |     167 |     536 |  76.2 |      63 |      18 |  22.2
            +---------+---------+-------+---------+---------+-------
        D:1 |      42 |       0 |   0.0 |      22 |       0 |   0.0
        D:2 |      70 |       0 |   0.0 |      22 |       0 |   0.0
        D:3 |      45 |     536 |  92.3 |      17 |      18 |  51.4
        D:4 |      10 |       0 |   0.0 |       2 |       0 |   0.0
            +---------+---------+-------+---------+---------+-------
